 Dungeon Crawl Stone Soup version 0.30-a0-782-ge64f9170bb (webtiles) character file.

Game seed: 4503588927599906475

13 theswoord the Grave Robber (level 2, -4/15 HPs)
             Began as a Deep Elf Necromancer on Mar 14, 2023.
             Slain by a gnoll
             ... wielding a +0 spear
              (6 damage)
             ... on level 1 of the Dungeon.
             The game lasted 00:00:37 (278 turns).

theswoord the Grave Robber (Deep Elf Necromancer)    Turns: 278, Time: 00:00:38

Health: -4/15      AC:  2    Str:  5    XL:     2   Next: 24%
Magic:  6/8        EV: 12    Int: 19    God:
Gold:   53         SH:  0    Dex: 15    Spells: 7/8 levels left

rFire   . . .      SeeInvis .    g - +0 glaive
rCold   . . .      Faith    .    (shield currently unavailable)
rNeg    . . .      Spirit   .    a - +0 robe
rPois   .          Reflect  .    (no helmet)
rElec   .          Harm     .    (no cloak)
rCorr   .          Rampage  .    (no gloves)
Will    .....                    (no boots)
Stlth   ++                       (no amulet)
HPRegen 0.22/turn                (no ring)
MPRegen 0.11/turn                (no ring)

@: no status effects
A: no striking features
a: no special abilities


You were on level 1 of the Dungeon.
You visited 1 branch of the dungeon, and saw 1 of its levels.

You collected 53 gold pieces.

Inventory:

Hand Weapons
 g - a +0 glaive (weapon)
Armour
 a - a +0 robe (worn)
Jewellery
 f - an amulet of faith
 h - a ring of flight
Scrolls
 c - a scroll of torment {unknown}
 e - a scroll of vulnerability {unknown}
Potions
 b - a potion of magic
 d - a potion of brilliance {unknown}


   Skills:
 - Level 2.4 Dodging
 - Level 2.4 Stealth
 + Level 3.6 Spellcasting
 + Level 5.2 Necromancy


You had 7 spell levels left.
You knew the following spells:

 Your Spells              Type           Power      Damage    Failure   Level
a - Necrotise             Necr           92%        1d8       1%          1

Your spell library contained the following spells:

 Spells                   Type           Power      Damage    Failure   Level
 Vampiric Draining        Necr           23%        2d7       4%          3
 Animate Dead             Necr           23%        N/A       17%         4
 Agony                    Necr           23%        N/A       43%         5


Dungeon Overview and Level Annotations

Branches:
Dungeon (1/15)

Altars:


Message History

The dead are walking!
You can't see any susceptible monsters within range! (Use Z to cast anyway.)
You can't see any susceptible monsters within range! (Use Z to cast anyway.)
You can't see any susceptible monsters within range! (Use Z to cast anyway.)
Your hobgoblin skeleton crumbles into dust!
You now have 41 gold pieces (gained 14).
Your kobold skeleton crumbles into dust!
You now have 53 gold pieces (gained 12).
You open the door.
A quokka comes into view.
A quokka is nearby!
A quokka is nearby!
A quokka is nearby!
You reach to attack!
The helpless quokka fails to defend itself.
You hit the quokka. The quokka closely misses you.
You barely miss the quokka. The quokka bites you. x2
Aim: a quokka (almost dead, chance to affect: 91%)
The quokka writhes in agony.
You kill the quokka!
The dead are hopping!
You can't see any susceptible monsters within range! (Use Z to cast anyway.)
Your quokka skeleton crumbles into dust!
There is an open door here.
A gnoll comes into view. It is wielding a +0 spear.
You see here 3 gold pieces.
A gnoll is nearby!
A gnoll is nearby!
You reach to attack!
The helpless gnoll fails to defend itself.
You hit the gnoll. The gnoll barely misses you.
The gnoll hits you from afar with a +0 spear.
Aim: a gnoll, wielding a +0 spear (moderately wounded, chance to affect: 87%)
The gnoll barely resists.
The gnoll hits you from afar with a +0 spear!
* * * LOW HITPOINT WARNING * * *
Aim: a gnoll, wielding a +0 spear (moderately wounded, chance to affect: 87%)
The gnoll writhes in agony.
The gnoll hits you from afar with a +0 spear.
You die...

#####'##........#
......####......#
..##### ##.....#
..# #.....## ..#
#......# ..#
#......# ......
+......# ######
##......# #####
#......@# ....#
#+#####..g.....
....# ###.####.
....# ..# ......
..# ..)... #.#
...... .. #.....
.. ...>


You could see a gnoll.

Vanquished Creatures
  A dart slug (D:1)
  A hobgoblin (D:1)
  2 kobolds (D:1)
  2 quokkas (D:1)
  3 bats (D:1)
9 creatures vanquished.

Vanquished Creatures (collateral kills)
  A ball python (D:1)
  A rat (D:1)
2 creatures vanquished.

Grand Total: 11 creatures vanquished

Notes
Turn   | Place    | Note
-------+----------+-------------------------------------------
     0 | D:1      | theswoord the Deep Elf Necromancer began the quest for the
                  | Orb.
     0 | D:1      | Reached XP level 1. HP: 10/10 MP: 6/6
    56 | D:1      | Reached skill level 5 in Necromancy
   131 | D:1      | Reached XP level 2. HP: 15/15 MP: 2/8
   278 | D:1      | Slain by a gnoll

Skill      XL: |  1 |
---------------+----+-----
Necromancy     | 5 |  5.2
Dodging        | |  2.4
Stealth        | |  2.4
Spellcasting   | |  3.6

Action                     || total
---------------------------++-------
  Melee: Unarmed           ||     1
         Glaive            ||     3
   Cast: Necrotise         ||    16
   Stab: Sleeping          ||     3
 Armour: Robe              ||     1
  Dodge: Dodged            ||     7

Levels and vault maps discovered:
D:1:      sevenhm_arrival_forest_fort_large_4, layout_basic,
          minmay_misc_feat_tower
